[Event "Open Nuevo Centro. Jornada 2"]
[Site "Chess.com"]
[Date "2020.06.26"]
[Round "1"]
[White "Macias Pino, Diego"]
[Black "Montes Molina, Ivan"]
[Result "1-0"]
[WhiteElo "2193"]
[BlackElo "1233"]
[TimeControl "180+2"]
[EndTime "10:37:23 PDT"]
[Termination "Victoria de jesuimafe por jaque mate"]

1. e4 e6 2. d4 d5 3. Nd2 dxe4 4. Nxe4 Nf6 5. Nxf6+ Qxf6 6. Nf3 h6 7. Bd3 Nc6 8. O-O Bd6 9. h3 O-O 10. c3 Bd7 11.
Bc2 Rfe8 12. Qd3 Rad8 13. Re1 Kf8 14. Qh7 a6 15. h4 Ke7 16. d5 Ne5 17. Nxe5 Bxe5 18.
Qe4 Bd6 19. Be3 Kf8 20. g3 exd5 21. Qh7 Re6 22. Bd4 Qf3 23. Bxg7+ Ke7 24. Bxh6 Bc6 25. Bg5+ Kd7 26. Rxe6 Kxe6 27. Re1+ Kd7 28. Bxd8 Kxd8 29. Qg8+ Kd7 30. Qe8# 1

[Event "Open Nuevo Centro. Jornada 2"]
[Site "Chess.com"]
[Date "2020.06.26"]
[Round "1"]
[White "Crevillen Abad, Clemente"]
[Black "García Giménez, Santiago"]
[Result "0-1"]
[WhiteElo "1755"]
[BlackElo "1486"]
[TimeControl "180+2"]
[EndTime "10:37:24 PDT"]
[Termination "Victoria de Somaelfideitos por abandono"]

1. e4 e5 2. Nf3 Nc6 3. Bb5 a6 4.
Bxc6 dxc6 5. d4 exd4 6. Qxd4 Qxd4 7. Nxd4 Bd7 8. Be3 O-O-O 9. Nd2 Ne7 10. O-O-O c5 11.
N4b3 b6 12. f3 a5 13. Nf1 Nc6 14. c3 Bd6 15. Ng3 g6 16. Nd2 Rde8 17. Nc4 Bxg3 18. hxg3 f5 19. Rhe1 fxe4 20. Bf4 exf3 21. gxf3 Rxe1 22.
Rxe1 Re8 23. Rxe8+ Bxe8 24. Kd2 Bf7 25. b3 Bxc4 26. bxc4 Nd8 27. Kd3 Ne6 28. Be5 Kd7 29. g4 h5 30. gxh5 gxh5 31. f4 h4 32. f5 Nd8 33. Ke4 h3 34. a3 Nf7 35. Bg3 Nd6+ 36.
Kf4 Nxc4 37. Kg5 Nd6 38. a4 Ne4+ 39. Kf4 Nxc3 40. f6 Ke6 41. Kg5 Ne4+ 0

[Event "Open Nuevo Centro. Jornada 2"]
[Site "Chess.com"]
[Date "2020.06.26"]
[Round "1"]
[White "Hassomal Daswani, Birjkumar"]
[Black "Elenkov Olmo, Ivan"]
[Result "1-0"]
[WhiteElo "1847"]
[BlackElo "931"]
[TimeControl "180+2"]
[EndTime "10:37:31 PDT"]
[Termination "Victoria de daz000007 por abandono"]

1. e4 e5 2. Nf3 Nc6 3. Bc4 h6 4. Nc3 Nf6 5. d3 Bc5 6. h3 O-O 7. O-O d6 8. a3 a6 9. b4 b5 10. Bd5 Bd4 11. Nxd4 Nxd5 12. Nxc6 Nxc3 13. Qe1 Qd7 14. Qxc3 Bb7 15. Na5 Rab8 16. Nxb7 Rxb7 17. d4 exd4 18. Qxd4 Qc8 19. Bb2 f6 20. f4 c5 21.
Qxd6 cxb4 22. axb4 Rd7 23. Qe6+ Kh8 24. Kh1 Re8 25.
Qg4 Rxe4 26. Rxa6 Rxb4 27. Bxf6 gxf6 28. Rxf6 Rh7 29. Qxc8+ 1

[Event "Open Nuevo Centro. Jornada 2"]
[Site "Chess.com"]
[Date "2020.06.26"]
[Round "1"]
[White "Gutierrez Marco, Dario"]
[Black "Sanchis Bon, Sergi"]
[Result "1-0"]
[WhiteElo "1918"]
[BlackElo "1008"]
[TimeControl "180+2"]
[EndTime "10:37:42 PDT"]
[Termination "Victoria de rususs por jaque mate"]

1. e4 e5 2. Nf3 Qf6 3. Nc3 c6 4. Bc4 g5 5. d3 h6 6. Be3 g4 7. Ng1 Na6 8. Nge2 Nc5 9. Ng3 Na6 10. Qd2 b5 11. Bb3 Nc5 12. O-O-O Nxb3+ 13. axb3 Qd8 14. Rhf1 Qa5 15. Kb1 b4 16. Na2 c5 17.
f4 exf4 18. Rxf4 Rb8 19. Rdf1 Rb6 20. Rxf7 Ne7 21. Qf2 Ng6 22. c3 bxc3 23. Nxc3 Ra6 24. Kc2 d6 25. Qf6 Bd7 26. Qxg6 Rb6 27. Rxf8+ Ke7 28.
Qf7# 1

[Event "Open Nuevo Centro. Jornada 2"]
[Site "Chess.com"]
[Date "2020.06.26"]
[Round "1"]
[White "Rodriguez Rodriguez, Joan David "]
[Black "Pallardo Lozoya, Jose Vicente"]
[Result "0-1"]
[WhiteElo "1610"]
[BlackElo "1099"]
[TimeControl "180+2"]
[EndTime "10:37:53 PDT"]
[Termination "Victoria de PallardoChess por abandono"]

1. d4 d5 2. c4 dxc4 3. e3 Nf6 4. Bxc4 e6 5. Nf3 a6 6. a3 b5 7. Bd3 c5 8. dxc5 Bxc5 9. O-O Bb7 10. Be2 Nbd7 11. Nc3 O-O 12. Re1 Rc8 13. Nd4 Ne5 14. Nc2 Qc7 15. Bd2 Rfd8 16. Nb4 Qb6 17. Qc2 a5 18.
Nd3 Bd6 19. Rac1 Neg4 20. Bxg4 Nxg4 21. Qd1 Bxh2+ 22. Kh1 Rxd3 23. Qxg4 Rxd2 24. Kxh2 Rxf2 25. Qg3 Rxb2 26. Rf1 Rxg2+ 27. Qxg2 Bxg2 28. Kxg2 b4 29. axb4 axb4 0

[Event "Open Nuevo Centro. Jornada 2"]
[Site "Chess.com"]
[Date "2020.06.26"]
[Round "1"]
[White "Más Ripoll, Vicente"]
[Black "Valverde Caballero, Rafael"]
[Result "0-1"]
[WhiteElo "1006"]
[BlackElo "1905"]
[TimeControl "180+2"]
[EndTime "10:37:59 PDT"]
[Termination "Victoria de Eumenes por jaque mate"]

1. e4 c5 2. Nf3 Nc6 3. Bc4 g6 4. b3 Bg7 5. Nc3 e6 6. Rb1 Nge7 7. Bb2 O-O 8. O-O a6 9. Be2 b5 10. a3 Bb7 11. d3 d5 12. exd5 exd5 13. h3 Re8 14. Qd2 Nf5 15. Nd1 Bxb2 16. Nxb2 d4 17.
Rbe1 Qd5 18. Nh2 Nh4 19. Nf3 Nf5 20. Nh2 Re7 21. Bg4 Qd6 22. Rxe7 Nfxe7 23. Re1 Nd5 24.
Bf3 Nc3 25. Bxc6 Qxc6 26. Qh6 Qxg2# 0

[Event "Open Nuevo Centro. Jornada 2"]
[Site "Chess.com"]
[Date "2020.06.26"]
[Round "1"]
[White "Vicent Lázaro, Elena"]
[Black "Bosch Jordà, Ricard"]
[Result "0-1"]
[WhiteElo "660"]
[BlackElo "1767"]
[TimeControl "180+2"]
[EndTime "10:38:00 PDT"]
[Termination "Victoria de UltimateLimo por tiempo"]

1. e3 Nf6 2. c4 b6 3. Nc3 Bb7 4. Bd3 c5 5. Bb1 e6 6. Qc2 d5 7. cxd5 exd5 8. Nb5 Nc6 9. Qf5 Be7 10.
g4 Bc8 11. Nd6+ Qxd6 12. Qc2 Bxg4 13. f3 Bh5 14. Qf5 Bg6 15. Qh3 Bxb1 16. Rxb1 O-O 17. Qg2 Nb4 18. Nh3 Nd3+ 19. Kd1 Nxc1 20. Rxc1 Qc6 21. Rg1 g6 22. Nf4 Rfe8 23. Nxg6 hxg6 24. h4 Bf8 25. h5 Nxh5 26. Qh3 Bg7 27. Qg2 Qa4+ 28.
b3 Qxa2 29. Rc2 Qb1+ 30. Rc1 Qxb3+ 31. Rc2 a5 32. Kc1 a4 0

[Event "Open Nuevo Centro. Jornada 2"]
[Site "Chess.com"]
[Date "2020.06.26"]
[Round "1"]
[White "Deusa Ballesteros, Lucas "]
[Black "Remolar Gallen, Jose"]
[Result "0-1"]
[WhiteElo "1461"]
[BlackElo "2353"]
[TimeControl "180+2"]
[EndTime "10:38:40 PDT"]
[Termination "Victoria de ChessMonguer por tiempo"]

1. e4 d6 2. d4 Nf6 3. Nc3 g6 4. f4 Bg7 5. Nf3 O-O 6. Be2 c6 7. O-O b5 8. a3 Bb7 9. h3 a6 10. Be3 c5 11. e5 Nfd7 12. exd6 exd6 13. Bf2 Nc6 14. dxc5 dxc5 15. Rb1 Re8 16. Re1 b4 17. axb4 Nxb4 18. Qd2 Qc7 19. g3 Rad8 20. Qc1 Rxe2 21. Nxe2 Bxf3 22. Nc3 Bb7 23. Re2 Qc6 24. Be3 Qh1+ 25.
Kf2 Qg2+ 26. Ke1 Qxg3+ 27. Bf2 Qxh3 28. Qe3 Qh1+ 29. Bg1 Bd4 30. Rh2 Qxh2 31. Qxd4 cxd4 32. Bxh2 dxc3 33. bxc3 Nxc2+ 34. Kd2 Be4 35. Rb7 Nc5+ 0

[Event "Open Nuevo Centro. Jornada 2"]
[Site "Chess.com"]
[Date "2020.06.26"]
[Round "1"]
[White "Alvarez Usina, Jordi"]
[Black "Gil López, Alejandro"]
[Result "0-1"]
[WhiteElo "1189"]
[BlackElo "2096"]
[TimeControl "180+2"]
[EndTime "10:39:07 PDT"]
[Termination "Victoria de AglVal0313 por tiempo"]

1. d4 e5 2. dxe5 d6 3. exd6 Bxd6 4. Nf3 Nc6 5. Bg5 f6 6. Bh4 Bg4 7. Bg3 Bb4+ 8. c3 Qxd1+ 9. Kxd1 O-O-O+ 10. Kc2 Bf5+ 11.
Kc1 Bc5 12. Nbd2 h5 13. e3 Nge7 14. h3 g5 15. Bc4 h4 16. Bh2 a5 17. Nb3 Bb6 18.
Rd1 Rxd1+ 19. Kxd1 Rd8+ 20. Ke2 Be4 21. Nbd2 Bg6 22. Rd1 Kb8 23. Bb3 f5 24. Nc4 Rxd1 25. Kxd1 Bc5 26. Ncd2 Bh5 27. Kc2 f4 28. exf4 gxf4 29.
Bxf4 Bxf2 30. Be6 Nd8 31. Bg4 Bg6+ 32. Kc1 Nd5 33. Bh2 Ne3 34. Ne5 Bh7 35. Bf3 Kc8 36. Ndc4 Nxc4 37. Nxc4 b6 38. Ne5 Be3+ 39. Kd1 Nb7 40.
Bg4+ Kb8 41. Nf3 Bf2 0

[Event "Open Nuevo Centro. Jornada 2"]
[Site "Chess.com"]
[Date "2020.06.26"]
[Round "1"]
[White "Martinez Hernandez, Paula"]
[Black "Mora Bort, Miguel Ángel"]
[Result "1-0"]
[WhiteElo "2037"]
[BlackElo "1152"]
[TimeControl "180+2"]
[EndTime "10:39:32 PDT"]
[Termination "Victoria de pauliximartinez por abandono"]

1. e4 e6 2. d4 d5 3. e5 c5 4. c3 Qb6 5. Nf3 Nc6 6. a3 Bd7 7. b4 cxd4 8. cxd4 Rc8 9. Be3 Nge7 10. Bd3 Nf5 11. Nbd2 Nxe3 12. fxe3 Be7 13. O-O O-O 14. Qe1 f6 15. Qg3 fxe5 16. Nxe5 Nxe5 17. Qxe5 Bf6 18. Qh5 h6 19. Qg6 Be8 20. Qh7+ Kf7 21. Nf3 Ke7 22.
Rac1 Bd7 23. Rxc8 Rxc8 24. Nd2 Rf8 25. Nb3 Bb5 26. Bxb5 Qxb5 27. Qc2 Qc6 28. Qxc6 bxc6 29. Rf3 Bg5 30. Kf2 Rxf3+ 31. gxf3 Kd6 32. Ke2 Be7 33. Kd3 Kc7 34. e4 Bd6 35. h3 Be7 36. Nd2 Bg5 37. Nb3 Be7 38. Ke3 Bg5+ 39. f4 Be7 40. e5 Bh4 41. Kf3 Be7 42. Kg4 g6 43. h4 Bd8 44. Nc5 Be7 45. Nxe6+ Kd7 46. Nc5+ Bxc5 47. bxc5 Ke6 48. h5 gxh5+ 49. Kxh5 Kf5 50.
Kxh6 a6 51. Kg7 Ke6 52. Kg6 a5 53. f5+ Ke7 54. Kg7 Ke8 55. f6 1

[Event "Open Nuevo Centro. Jornada 2"]
[Site "Chess.com"]
[Date "2020.06.26"]
[Round "1"]
[White "Rodriguez, Mathias"]
[Black "Zakharash, Georgii"]
[Result "1-0"]
[WhiteElo "1971"]
[BlackElo "1049"]
[TimeControl "180+2"]
[EndTime "10:39:52 PDT"]
[Termination "Victoria de niguil por jaque mate"]

1. e4 c5 2. Nf3 d6 3. Bb5+ Nd7 4. O-O e6 5. c3 a6 6. Bxd7+ Bxd7 7. d4 Be7 8. Re1 Nf6 9. e5 dxe5 10. dxe5 Nd5 11.
c4 Nb6 12. b3 O-O 13. Qe2 h6 14. Nc3 Bc6 15. Be3 Nd7 16. Rad1 b5 17. cxb5 axb5 18. Nxb5 Qb8 19. a4 Nxe5 20. Nxe5 Qxe5 21. Rc1 Qd5 22. f3 Qxb3 23. Bxc5 Bxc5+ 24. Rxc5 Bxb5 25. axb5 Rfb8 26. Rec1 Ra4 27. Rc8+ Rxc8 28. Rxc8+ Kh7 29. Qc2+ Qxc2 30. Rxc2 Rb4 31. Rc5 Rb1+ 32. Kf2 Rb2+ 33. Kg3 Rb3 34. Kf4 Rb4+ 35. Ke5 f6+ 36. Kxe6 Rb1 37.
Kd6 Rb2 38. Kc6 Rxg2 39. b6 Rb2 40. Rb5 Rxb5 41. Kxb5 Kg6 42. b7 Kf7 43. b8=Q Ke7 44. Kc6 Ke6 45. Qg8+ Kf5 46. Qxg7 Kf4 47. Qxf6+ Ke3 48.
Qxh6+ Kxf3 49. Qg5 Kf2 50. h4 Kf3 51. h5 Kf2 52. h6 Ke2 53. h7 Kf3 54. h8=Q Ke2 55.
Qe8+ Kf2 56. Qf6+ Kg2 57. Qg8+ Kh2 58. Qh6# 1

[Event "Open Nuevo Centro. Jornada 2"]
[Site "Chess.com"]
[Date "2020.06.26"]
[Round "1"]
[White "Perrot, Fabien "]
[Black "Yuste Valenzuela, Alejandro"]
[Result "0-1"]
[WhiteElo "1001"]
[BlackElo "1858"]
[TimeControl "180+2"]
[EndTime "10:39:53 PDT"]
[Termination "Victoria de alejandrito290 por tiempo"]

1. d4 Nf6 2. c4 g6 3. Nc3 Bg7 4.
Bg5 O-O 5. e3 d6 6. Bd3 Nbd7 7.
Nf3 h6 8. Bh4 g5 9. Bg3 Nh5 10.
O-O Nxg3 11. hxg3 e5 12. d5 Nc5 13. Bc2 a5 14. a4 f5 15. Nb5 h5 16. Qd2 h4 17. gxh4 g4 18. Ng5 Bf6 19. e4 f4 20.
Rfe1 Bxg5 21. hxg5 Qxg5 22. Kf1 g3 23. f3 Qe7 24.
Ke2 Kg7 25. Rh1 Bd7 26. Nxc7 Rac8 27. Nb5 Bxb5 28. axb5 b6 29. Ra2 Rh8 30. Rxh8 Rxh8 31. Ra1 Rh2 32. Rg1 Qh4 33. Kd1 Rh1 34. Qe1 Rxg1 35.
Qxg1 Qh2 36. Qf1 Nd7 37. Ke1 Nf6 38. b3 Qh6 39. Ke2 Qh5 40. Qg1 Kf7 41. Qf1 Ke7 42.
Bd3 Nd7 43. Bc2 Nc5 44. Kd2 Qh8 45. Ke2 Kd7 46. Kd2 Kc7 47. Ke2 Qh5 48. Kd2 Nb7 49.
Ke2 a4 50. bxa4 Na5 0

[Event "Open Nuevo Centro. Jornada 2"]
[Site "Chess.com"]
[Date "2020.06.26"]
[Round "1"]
[White "Donate Moreno, David"]
[Black "Campos Gambuti, Luis María"]
[Result "0-1"]
[WhiteElo "1520"]
[BlackElo "2414"]
[TimeControl "180+2"]
[EndTime "10:39:59 PDT"]
[Termination "Victoria de Tangalangafacv por abandono"]

1. e4 d5 2. exd5 Qxd5 3. Nc3 Qd6 4. d4 Nf6 5. Nf3 Nc6 6. g3 Bg4 7. Bf4 Qd7 8. d5 O-O-O 9. Bg2 Nxd5 10. Nxd5 Qxd5 11.
Qxd5 Rxd5 12. Ng5 Rxg5 13. Bxg5 f6 14. Be3 e5 15. O-O a6 16. h4 Nd4 17. Bxd4 exd4 18.
Kh2 Kb8 19. Bh3 Bf3 20. Bg2 Bh5 21. f4 Bb4 22. Bf3 Bg6 23. a3 Bd2 24. Rf2 Be3 25.
Re2 c5 26. c3 Bd3 27. Rxe3 dxe3 28. Re1 Re8 29. Be2 c4 30. Kg2 Kc7 31. Kf3 f5 32. Bxd3 cxd3 33. Rxe3 d2 34. Rd3 Re1 35. Rxd2 g6 36.
Re2 Rb1 37. h5 gxh5 38. Rh2 Kd6 39. Rxh5 Rxb2 40. Rxf5 Rb3 41. Rf6+ Ke7 42. Rh6 b5 43. Rxh7+ Kf6 44. Rc7 Rxa3 45. g4 b4 46. g5+ Kf5 47.
Rf7+ Ke6 48. Rf6+ Ke7 49. Ke2 b3 50. Rb6 a5 51. g6 Ra2+ 52. Kd1 a4 53. f5 Rf2 54. g7 Kf7 55. Rb7+ Kg8 56. Ra7 Rf1+ 57. Kd2 b2 58. Rb7 b1=Q 59. Rxb1 Rxb1 60. c4 a3 0

[Event "Open Nuevo Centro. Jornada 2"]
[Site "Chess.com"]
[Date "2020.06.26"]
[Round "1"]
[White "Álvarez Aranda, Jesús"]
[Black "Marín Corresa, Arturo"]
[Result "0-1"]
[WhiteElo "1343"]
[BlackElo "2223"]
[TimeControl "180+2"]
[EndTime "10:42:02 PDT"]
[Termination "Victoria de Estivella por tiempo"]

1. e4 c5 2. Nf3 Nc6 3. d4 cxd4 4. Nxd4 Nf6 5. Nxc6 bxc6 6. Nc3 e5 7. g3 Be7 8. Bg2 O-O 9. O-O d6 10. Bg5 Rb8 11.
Bxf6 Bxf6 12. b3 Be6 13. Rb1 Qa5 14. Ne2 Rfd8 15. c4 Rd7 16. Qc2 d5 17. exd5 cxd5 18. Rfd1 d4 19. Be4 g6 20. Bd3 Rbd8 21. f3 Bg7 22. g4 Qc7 23. Ng3 a5 24. Ne4 h6 25. g5 h5 26. Nf6+ Bxf6 27. gxf6 Kh7 28.
Qd2 Qd6 29. Qg5 Rh8 30. h4 Kg8 31. Re1 Kf8 32. Qxe5 Qxe5 33. Rxe5 Ra7 34. Rb5 Kg8 35. Rb8+ Kh7 36. Rxh8+ Kxh8 37. Re1 Ra8 38. Bxg6 Rg8 39. Kf2 Rxg6 40. Re4 Rxf6 41. Rxd4 Bg4 42. Rd8+ Kg7 43. Rd3 Bf5 44. Rd5 Bg6 45. Rxa5 Rf4 46. Kg3 Rd4 47. c5 Rd3 48. c6 Rc3 49. Ra6 Be4 50. Kf4 Bxc6 51.
b4 Bxf3 52. b5 Be2 53. Ra5 Rf3+ 54. Ke4 Rh3 55. b6 Bf3+ 56. Kf4 Bh1 57. Kg5 Rg3+ 58. Kf4 Rg2 59. Ra7 Rg4+ 60. Ke5 Rb4 61. b7 Bxb7 62. a3 Rb1 63. a4 Bf3 64. a5 Be2 65. Kf4 Ra1 66. Ke3 Bg4 67. Kf4 Be6 68. Ke5 Ra4 69.
Kd6 Rxh4 70. Kc7 Ra4 71. Kb6 Bc4 72. Rc7 Be2 73. Rc2 Bc4 74. Rxc4 Rxc4 75. a6 Ra4 76.
Kb7 h4 77. a7 h3 78. a8=Q Rxa8 79. Kxa8 h2 80. Ka7 h1=Q 81. Kb6 Qb1+ 82. Kc5 Qd3 0

[Event "Open Nuevo Centro. Jornada 2"]
[Site "Chess.com"]
[Date "2020.06.26"]
[Round "2"]
[White "Rabbani Perez, Ayoub "]
[Black "URSARIU, NIKOLAS VICTOR"]
[Result "0-1"]
[WhiteElo "222"]
[BlackElo "1062"]
[TimeControl "180+2"]
[EndTime "10:44:56 PDT"]
[Termination "Victoria de NikolasVictor por jaque mate"]

1. g4 e5 2. g5 Qxg5 3. Nh3 Qd8 4.
Ng5 Qxg5 5. Bh3 Qh5 6. Bxd7+ Bxd7 7. h4 Nf6 8. O-O Qg4+ 9. Kh2 Qxh4+ 10. Kg2 Qh3+ 11.
Kg1 Bd6 12. f4 exf4 13. Rxf4 Bxf4 14. e3 Qh2+ 15. Kf1 Bh3+ 16. Ke1 Bg3# 0

[Event "Open Nuevo Centro. Jornada 2"]
[Site "Chess.com"]
[Date "2020.06.26"]
[Round "2"]
[White "Albuixech Sanz, Jorge"]
[Black "Ahullana Martí, Blai"]
[Result "1-0"]
[WhiteElo "1388"]
[BlackElo "764"]
[TimeControl "180+2"]
[EndTime "10:45:08 PDT"]
[Termination "Victoria de Gamyi2 por abandono"]

1. e4 e5 2. Nf3 Nc6 3. Nc3 Nf6 4.
d4 exd4 5. Nxd4 Nxd4 6. Qxd4 Ng4 7. Be2 Nf6 8. e5 Ng8 9. O-O Qg5 10. Bxg5 Be7 11.
Bxe7 Nxe7 12. e6 Nf5 13. exf7+ Kxf7 14. Bc4+ Kg6 15. Qg4+ Kf6 16. Ne4+ 1

[Event "Open Nuevo Centro. Jornada 2"]
[Site "Chess.com"]
[Date "2020.06.26"]
[Round "2"]
[White "Zakharash, Georgii"]
[Black "Crevillen Abad, Clemente"]
[Result "0-1"]
[WhiteElo "1048"]
[BlackElo "1755"]
[TimeControl "180+2"]
[EndTime "10:45:20 PDT"]
[Termination "Victoria de Clementovich por jaque mate"]

1. d4 d5 2. Nf3 Nf6 3. e3 e6 4.
Bd3 c5 5. c3 Bd6 6. O-O Qc7 7.
Nbd2 e5 8. dxe5 Bxe5 9. Nxe5 Qxe5 10. c4 O-O 11. cxd5 Qxd5 12. b3 Rd8 13. Bb2 Qxd3 14.
Qb1 Qxb1 15. Rc1 Qxc1+ 16. Bxc1 Nc6 17. Ne4 Nxe4 18. Rb1 Nb4 19. Rb2 Rd1# 0

[Event "Open Nuevo Centro. Jornada 2"]
[Site "Chess.com"]
[Date "2020.06.26"]
[Round "2"]
[White "Yeste Campos, Manuel"]
[Black "Donate Moreno, David"]
[Result "0-1"]
[WhiteElo "921"]
[BlackElo "1521"]
[TimeControl "180+2"]
[EndTime "10:45:58 PDT"]
[Termination "Victoria de sylar48 por jaque mate"]

1. e4 c6 2. d4 d5 3. e5 Bf5 4. Nf3 e6 5. Nc3 c5 6. Be2 Nc6 7. dxc5 Bxc5 8. O-O Nge7 9. Bd3 Bxd3 10. Qxd3 O-O 11.
Bg5 Qc7 12. Rad1 Nxe5 13. Nxe5 Qxe5 14. Bxe7 Bxe7 15. Rfe1 Qc7 16. Qh3 Bf6 17. Ne2 Qxc2 18. Rd2 Qxd2 19. Kf1 Rac8 20. Ng3 Rc1 21. Rxc1 Qxc1+ 22.
Ke2 Qc2+ 23. Kf1 Qd1# 0

[Event "Open Nuevo Centro. Jornada 2"]
[Site "Chess.com"]
[Date "2020.06.26"]
[Round "2"]
[White "Gimenez Saiz, Jose Raul"]
[Black "Elenkov Olmo, Ivan"]
[Result "1-0"]
[WhiteElo "1534"]
[BlackElo "930"]
[TimeControl "180+2"]
[EndTime "10:46:23 PDT"]
[Termination "Victoria de rango013 por abandono"]

1. d4 d5 2. e3 Nc6 3. f4 Nf6 4. c3 Ne4 5. Bd3 f5 6. Qh5+ g6 7.
Qe2 Be6 8. Nd2 Qd7 9. Ngf3 O-O-O 10.
Bb5 Bg7 11. Ne5 Nxe5 12. Bxd7+ Nxd7 13. Nxe4 dxe4 14. Bd2 Rdf8 15. c4 Kb8 16. Bb4 Nb6 17. d5 Bf7 18. Bxe7 1

[Event "Open Nuevo Centro. Jornada 2"]
[Site "Chess.com"]
[Date "2020.06.26"]
[Round "2"]
[White "Montesinos Diaz, Luis"]
[Black "García Giménez, Santiago"]
[Result "0-1"]
[WhiteElo "1854"]
[BlackElo "1932"]
[TimeControl "180+2"]
[EndTime "10:47:02 PDT"]
[Termination "Victoria de Somaelfideitos por abandono"]

1. d4 Nf6 2. Nf3 g6 3. Bg5 Bg7 4. Nbd2 d5 5. c3 O-O 6. Qc2 c5 7. e3 Nc6 8. Be2 b6 9. O-O Bb7 10. Rfe1 Rc8 11. Rad1 Qc7 12. Bf4 Qd7 13. Qb1 Rfd8 14.
Bb5 Nh5 15. Ne5 Qe6 16. Bxc6 Bxc6 17. Ndf3 f6 18. Nxc6 Qxc6 19. Bg3 Nxg3 20. hxg3 e5 21.
dxe5 fxe5 22. e4 d4 23. cxd4 cxd4 24. Rc1 Qb5 25. a3 Qb3 26. Nd2 Qe6 27. Qd3 Bh6 28. Nf3 Bxc1 29. Qb5 d3 30. Nxe5 d2 31. Rd1 Rc5 0

[Event "Open Nuevo Centro. Jornada 2"]
[Site "Chess.com"]
[Date "2020.06.26"]
[Round "2"]
[White "Lloret Ramis, Juan José"]
[Black "Casado Andreu, David"]
[Result "1-0"]
[WhiteElo "1975"]
[BlackElo "1642"]
[TimeControl "180+2"]
[EndTime "10:47:09 PDT"]
[Termination "Victoria de Amiplim por abandono"]

1. c4 e5 2. Nc3 Nf6 3. Nf3 Nc6 4. e3 Bb4 5. Qc2 Bxc3 6. Qxc3 d6 7. d3 Bg4 8. Be2 e4 9. dxe4 O-O 10. a3 a5 11. e5 dxe5 12. b3 e4 13. Nd4 Ne5 14. Bb2 Bxe2 15. Kxe2 Nd3 16. Rad1 c5 17. Nf5 Qc8 18. Ne7+ 1

[Event "Open Nuevo Centro. Jornada 2"]
[Site "Chess.com"]
[Date "2020.06.26"]
[Round "2"]
[White "Rojo Everss, Noel"]
[Black "Álvarez Aranda, Jesús"]
[Result "0-1"]
[WhiteElo "769"]
[BlackElo "1348"]
[TimeControl "180+2"]
[EndTime "10:47:27 PDT"]
[Termination "Victoria de Toledanoribaroja por jaque mate"]

1. e4 e5 2. d4 exd4 3. Nf3 Nc6 4. Bg5 f6 5. Bc4 fxg5 6. Nxg5 Qxg5 7. Bb5 Qxg2 8. Rg1 Qxe4+ 9. Qe2 Qxe2+ 10. Kxe2 Nb4 11. Re1 Nxc2 12. Kd2+ Nxe1 13. Nc3 Nf3+ 14. Kd3 dxc3 15. bxc3 c6 16. Bc4 d5 17. Bb3 Bf5+ 18. Ke3 Ne5 19.
Re1 O-O-O 20. Kf4 Nd3+ 21. Kf3 Nxe1+ 22. Kf4 Bc2 23. Bxc2 Nxc2 24. Kg5 Bd6 25. f4 Ne7 26. f5 h6+ 27. Kh4 Nxf5+ 28. Kg4 Nfe3+ 29. Kh5 g6+ 30. Kxg6 Rdg8+ 31. Kf7 Kd7 32. Kf6 Rf8+ 33. Kg7 Be5+ 34. Kg6 Bxc3 35. Kh5 Rhg8 36. Kh4 Be1+ 37. Kh3 Rf3# 0

[Event "Open Nuevo Centro. Jornada 2"]
[Site "Chess.com"]
[Date "2020.06.26"]
[Round "2"]
[White "Sverdlik Roldán, Elías"]
[Black "Martínez Cuenca, Jose Andrés"]
[Result "0-1"]
[WhiteElo "382"]
[BlackElo "1078"]
[TimeControl "180+2"]
[EndTime "10:47:32 PDT"]
[Termination "Victoria de JoseAndres2008 por tiempo"]

1. e4 c5 2. Nf3 g6 3. d4 cxd4 4.
Nxd4 Nc6 5. Nxc6 bxc6 6. Nc3 Bg7 7. Bd2 e6 8. f3 d5 9. exd5 cxd5 10. Be2 Nf6 11. Na4 Bd7 12. c3 Qa5 13. b3 Bxa4 14.
bxa4 O-O 15. Bb5 Rab8 0

[Event "Open Nuevo Centro. Jornada 2"]
[Site "Chess.com"]
[Date "2020.06.26"]
[Round "2"]
[White "Valverde Alcaide, Miguel Alejandro"]
[Black "Denis Cazacu, Ioan"]
[Result "0-1"]
[WhiteElo "870"]
[BlackElo "1399"]
[TimeControl "180+2"]
[EndTime "10:47:33 PDT"]
[Termination "Victoria de TFdenis25 por jaque mate"]

1. e4 c5 2. Bc4 Nc6 3. Nf3 g6 4. c3 Bg7 5. Ng5 e6 6. f4 d5 7. exd5 exd5 8. Bd3 h6 9. Qe2+ Qe7 10.
Qxe7+ Ngxe7 11. Nf3 d4 12. cxd4 Nxd4 13. O-O c4 14. Bxc4 Nc2 15. Bb5+ Bd7 16. Bxd7+ Kxd7 17. Na3 Nxa1 18. d4 Rac8 19. Bd2 Nc2 20. Ne5+ Bxe5 21. fxe5 Nxa3 22. bxa3 Rc2 23. h4 Rxd2 24. Rb1 b6 25. a4 Rxa2 26. Rb4 Nd5 27. Rb5 Nc3 28. Rb3 Nxa4 29.
Rf3 Ke6 30. d5+ Kxd5 31. Rxf7 Kxe5 32. Re7+ Kd6 33. Rxa7 Nc3 34. Rg7 g5 35. Rg6+ Ke5 36. Rxb6 gxh4 37. Kh2 Rg8 38. Kh3 Raxg2 39. Rxh6 Ne4 40.
Rxh4 Nf2# 0

[Event "Open Nuevo Centro. Jornada 2"]
[Site "Chess.com"]
[Date "2020.06.26"]
[Round "2"]
[White "Amorós Pérez, Manuel David"]
[Black "Hernández Tomás, Efrén"]
[Result "1-0"]
[WhiteElo "1665"]
[BlackElo "1036"]
[TimeControl "180+2"]
[EndTime "10:47:40 PDT"]
[Termination "Victoria de mpad1984 por abandono"]

1. e4 e5 2. Nf3 Nf6 3. Nc3 Nc6 4. Bc4 h6 5. d4 exd4 6. Nxd4 Nxd4 7. Qxd4 b6 8. O-O Bc5 9. Qd3 O-O 10. Be3 Bxe3 11. Qxe3 Bb7 12. f3 c6 13. Rad1 d5 14.
exd5 cxd5 15. Bb5 a6 16. Ba4 b5 17. Bb3 Re8 18. Qd2 Re5 19. Rfe1 Rg5 20. Re3 Qd6 21. Rd3 Rd8 22. Ne2 a5 23. a3 a4 24. Ba2 Ba6 25.
Nc3 b4 26. Rxd5 bxc3 27. Rxd6 cxd2 28. Rxd8+ Kh7 29. R1xd2 Nh5 30. R8d4 Bb7 31. Bxf7 Bxf3 32. Bxh5 Bxh5 33. Rd5 Bf3 34. Rxg5 1

[Event "Open Nuevo Centro. Jornada 2"]
[Site "Chess.com"]
[Date "2020.06.26"]
[Round "2"]
[White "Segarra Martinez, Axel"]
[Black "Zamora Soler, Raul"]
[Result "1-0"]
[WhiteElo "2168"]
[BlackElo "1768"]
[TimeControl "180+2"]
[EndTime "10:47:42 PDT"]
[Termination "Victoria de Alejandrosky por abandono"]

1. e4 c5 2. Nf3 Nc6 3. d4 cxd4 4. Nxd4 Nf6 5. Nc3 e6 6. a3 d5 7. exd5 Nxd5 8. Nxd5 Qxd5 9. Be3 Nxd4 10. Bxd4 Qe4+ 11. Be3 Bd7 12. Qd2 Bc5 13. O-O-O Bxe3 14. fxe3 Bc6 15. Bd3 Qxg2 16. Qxg2 Bxg2 17. Rhg1 Bc6 18. Rxg7 Ke7 19. Rf1 Raf8 20. Bxh7 Ke8 21. h4 f5 22. Rd1 Rf6 23. h5 Kf8 24. Rc7 Rxh7 25. Rd8+ Be8 26. Rxh7 e5 27.
Rh8+ Ke7 28. Rhxe8+ Kf7 29. Rxe5 Rh6 30. Rxf5+ Ke7 31. Rb8 Ke6 32. e4 Rh7 33. Kd2 a6 34. Ke3 1

[Event "Open Nuevo Centro. Jornada 2"]
[Site "Chess.com"]
[Date "2020.06.26"]
[Round "2"]
[White "Montes Molina, Ivan"]
[Black "Rabbani Perez, Oumaima "]
[Result "1-0"]
[WhiteElo "1235"]
[BlackElo "731"]
[TimeControl "180+2"]
[EndTime "10:48:06 PDT"]
[Termination "Victoria de Ivanbarad por jaque mate"]

1. e4 e5 2. Nf3 Nf6 3. Nc3 Nc6 4. Nxe5 Nxe4 5. Nxc6 Nxc3 6. Nxd8 Nxd1 7. Kxd1 Kxd8 8. d3 d6 9. Bf4 Bf5 10. Be2 Be7 11. Re1 Re8 12. Kd2 Kd7 13. h3 h6 14. Bf3 Bf6 15.
c3 Rxe1 16. Rxe1 c6 17. Be4 Bxe4 18. Rxe4 Re8 19. Rxe8 Kxe8 20. Bxd6 Kd7 21. Bf4 Bh4 22. g3 Bf6 23. d4 b6 24. Be5 Ke6 25. f4 Bxe5 26. dxe5 f6 27. exf6 gxf6 28. Ke3 Kf5 29. g4+ Kg6 30. Ke4 h5 31. b4 hxg4 32. hxg4 a5 33. bxa5 bxa5 34. c4 c5 35. a4 Kh6 36.
Kd5 f5 37. gxf5 Kh5 38. Kxc5 Kg4 39. Kd5 Kxf4 40. c5 Kxf5 41. c6 Kf6 42. c7 Ke7 43. c8=Q Kf7 44. Qe6+ Kf8 45. Ke5 Kg7 46. Kf5 Kh7 47.
Qg6+ Kh8 48. Qg5 Kh7 49. Kf6 Kh8 50. Qg7# 1